 Dungeon Crawl Stone Soup version 0.29-a0-542-g075992c915 (webtiles) character file.

Game seed: 10030888211636343690

93 oldmanjim the Shield-Bearer (level 4, 0/41 HPs)
             Began as a Gnoll Fighter on June 4, 2022.
             Succumbed to Sigmund's poison
             ... on level 2 of the Dungeon.
             The game lasted 00:08:29 (1335 turns).

oldmanjim the Shield-Bearer (Gnoll Fighter)         Turns: 1335, Time: 00:08:30

Health: 0/41       AC: 16    Str: 17    XL:     4   Next: 62%
Magic:  5/5        EV:  9    Int: 13    God:
Gold:   66         SH:  6    Dex: 15    Spells: 5/5 levels left

rFire   + . .      SeeInvis .   a - +8 whip "Iheave" {protect, *Rage rF+ Int+5 Dex+4}
rCold   . . .      Faith    .   c - +0 buckler
rNeg    . . .      Spirit   .   p - +0 scale mail
rPois   .          Reflect  .   (no helmet)
rElec   .          Harm     .   o - +0 cloak
rCorr   .          Rampage  .   (no gloves)
Will    .....      Rage     20% (no boots)
Stlth   ..........              (no amulet)
HPRegen 0.13/turn               (no ring)
MPRegen 0.09/turn               (no ring)

@: lethally poisoned (0 -> -11), under a protective aura, on berserk cooldown,
slowed, very slow
A: fangs 1, strong nose, distributed training
a: no special abilities


You were on level 2 of the Dungeon.
You visited 1 branch of the dungeon, and saw 2 of its levels.

You collected 66 gold pieces.

Inventory:

Hand Weapons
 a - the +8 whip "Iheave" (weapon) {protect, *Rage rF+ Int+5 Dex+4}
   (You found it on level 2 of the Dungeon)

   It grants its wielder temporary protection when it strikes (+7 to AC).
   Int:       It affects your intelligence (+5).
   Dex:       It affects your dexterity (+4).
   rF:        It protects you from fire.
   *Rage:     It berserks you when you make melee attacks (+20% chance).
 b - a +1 short sword of speed
 r - a +0 trident
Missiles
 e - 6 poisoned darts (quivered)
 g - 96 stones
 s - a throwing net
Armour
 c - a +0 buckler (worn)
 o - a +0 cloak (worn)
 p - a +0 scale mail (worn)
Jewellery
 v - a ring of fire
Scrolls
 h - a scroll of magic mapping {unknown}
 j - 4 scrolls of identify {unknown}
 m - a scroll of noise {unknown}
 q - a scroll of enchant weapon {unknown}
 u - a scroll of enchant armour {unknown}
 w - a scroll of vulnerability {unknown}
 x - a scroll of brand weapon {unknown}
Potions
 d - 2 potions of might
 f - a potion of heal wounds {unknown}
 i - a potion of curing {unknown}
 k - a potion of cancellation {unknown}
 l - a potion of lignification {unknown}
 n - a potion of resistance {unknown}
 t - 2 potions of invisibility {unknown}


   Skills:
 + Level 6.6 Fighting
 + Level 1.2 Short Blades
 + Level 1.2 Long Blades
 + Level 1.2 Axes
 + Level 1.2 Maces & Flails
 + Level 4.6 Polearms
 + Level 1.2 Staves
 + Level 1.2 Slings
 + Level 1.2 Bows
 + Level 1.2 Crossbows
 + Level 1.2 Throwing
 + Level 6.6 Armour
 + Level 1.2 Dodging
 + Level 1.2 Stealth
 + Level 6.6 Shields
 + Level 1.2 Unarmed Combat
 + Level 1.2 Spellcasting
 + Level 1.0 Conjurations
 + Level 1.0 Hexes
 + Level 1.0 Summonings
 + Level 1.0 Necromancy
 + Level 1.0 Translocations
 + Level 1.0 Transmutations
 + Level 1.0 Fire Magic
 + Level 1.0 Ice Magic
 + Level 1.0 Air Magic
 + Level 1.0 Earth Magic
 + Level 1.0 Poison Magic
 + Level 1.3 Invocations
 + Level 1.2 Evocations


You had 5 spell levels left.
You didn't know any spells.
Your spell library contained the following spells:

 Spells                   Type           Power      Damage    Failure   Level
 Call Canine Familiar     Summ           3%         N/A       91%         3
 Portal Projectile        Hex/Tloc       6%         N/A       91%         3
 Leda's Liquefaction      Hex/Erth       1%         N/A       100%        4


Dungeon Overview and Level Annotations

Branches:
Dungeon (2/15)

Altars:

Annotations:
D:2 Sigmund


Innate Abilities, Weirdness & Mutations

You have very sharp teeth.
Your uncanny sense of smell can sniff out nearby items.
Your experience applies equally to all skills.


Message History

Your weapon exudes an aura of protection.
Sigmund is lightly wounded.
The quokka bites you but does no damage.
The quokka misses you.
Sigmund hits you with a +1 scythe of venom.
You are poisoned.
You whack Sigmund!
Sigmund is heavily wounded.
You feel very sick. The quokka barely misses you.
Sigmund hits you with a +1 scythe of venom.
You block the quokka's attack.
You whack Sigmund!
Sigmund is severely wounded.
You feel very sick. The quokka closely misses you. Sigmund barely misses you.
The quokka bites you but does no damage.
You closely miss Sigmund.
Sigmund is severely wounded.
You feel sick. You block the quokka's attack. Sigmund barely misses you.
You block the quokka's attack.
You barely miss Sigmund.
Sigmund is severely wounded.
You feel sick. The quokka barely misses you.
Sigmund gestures wildly while chanting.
Sigmund flickers and vanishes!
Deactivating autopickup; reactivate with Ctrl-A.
You hit something.
You feel sick.
The quokka bites you but does no damage.
Something hits you!
* * * LOW HITPOINT WARNING * * *
The quokka bites you but does no damage.
You closely miss something.
You feel sick.
You are no longer poisoned.
You block the quokka's attack. Something hits you.
* * * LOW HITPOINT WARNING * * *
You are lethally poisoned!
The quokka bites you but does no damage.
You hit something.
You die...

#.##..................###
#.##..............†#.....
#.###########......##....
#.# #......####.. ####.###
############## ##. #......#
#........# ##.
#......###..................
#...$.............#.......##
#......###.@r.....#.......#.
#......# #..{.....#.........
####...# #................#
#.#....................#
#.####.........#.......##
#.# ##........#........† ∆
#.# .....>............. ..
###..........######
######...#####


You could see a quokka.

Vanquished Creatures
  3 adders (D:2)
  2 worms
  2 dart slugs (D:2)
  6 ball pythons
  2 endoplasms (D:1)
  2 giant cockroaches
  4 goblins
  7 hobgoblins
  6 jackals
  4 kobolds
  2 quokkas (D:1)
  4 bats
  2 frilled lizards (D:1)
  6 rats
52 creatures vanquished.

Notes
Turn   | Place    | Note
-------+----------+-------------------------------------------
     0 | D:1      | oldmanjim the Gnoll Fighter began the quest for the Orb.
     0 | D:1      | Reached XP level 1. HP: 23/23 MP: 1/1
   170 | D:1      | Reached XP level 2. HP: 29/29 MP: 2/2
   514 | D:1      | Reached XP level 3. HP: 27/35 MP: 3/3
   738 | D:2      | Noticed Sigmund
   803 | D:1      | Reached skill level 1 in Invocations
   885 | D:2      | Reached skill level 1 in Short Blades
   885 | D:2      | Reached skill level 1 in Long Blades
   885 | D:2      | Reached skill level 1 in Axes
   885 | D:2      | Reached skill level 1 in Maces & Flails
   885 | D:2      | Reached skill level 1 in Staves
   885 | D:2      | Reached skill level 1 in Slings
   885 | D:2      | Reached skill level 1 in Bows
   885 | D:2      | Reached skill level 1 in Crossbows
   885 | D:2      | Reached skill level 1 in Throwing
   885 | D:2      | Reached skill level 1 in Dodging
   885 | D:2      | Reached skill level 1 in Stealth
   885 | D:2      | Reached skill level 1 in Unarmed Combat
   885 | D:2      | Reached skill level 1 in Spellcasting
   885 | D:2      | Reached skill level 1 in Evocations
   917 | D:2      | Reached XP level 4. HP: 36/41 MP: 5/5
   920 | D:2      | Identified the +8 whip "Iheave" {protect, *Rage rF+ Int+5
                  | Dex+4}
  1104 | D:2      | Found a faded altar of an unknown god.
  1112 | D:2      | Reached skill level 1 in Conjurations
  1112 | D:2      | Reached skill level 1 in Hexes
  1112 | D:2      | Reached skill level 1 in Summonings
  1112 | D:2      | Reached skill level 1 in Necromancy
  1112 | D:2      | Reached skill level 1 in Translocations
  1112 | D:2      | Reached skill level 1 in Transmutations
  1112 | D:2      | Reached skill level 1 in Fire Magic
  1112 | D:2      | Reached skill level 1 in Ice Magic
  1112 | D:2      | Reached skill level 1 in Air Magic
  1112 | D:2      | Reached skill level 1 in Earth Magic
  1112 | D:2      | Reached skill level 1 in Poison Magic
  1335 | D:2      | Succumbed to Sigmund's poison

Illustrated notes

Levels and vault maps discovered:
D:1:      lightli_arrival_statuegarden, layout_rooms
D:2:      layout_rooms, nicolae_ecumenical_snake_handling, uniq_sigmund

Skill      XL: |  1  2  3  4 |
---------------+-------------+-----
Invocations    | 1 |  1.3
Short Blades   | 1 |  1.2
Long Blades    | 1 |  1.2
Axes           | 1 |  1.2
Maces & Flails | 1 |  1.2
Staves         | 1 |  1.2
Slings         | 1 |  1.2
Bows           | 1 |  1.2
Crossbows      | 1 |  1.2
Throwing       | 1 |  1.2
Dodging        | 1 |  1.2
Stealth        | 1 |  1.2
Unarmed Combat | 1 |  1.2
Spellcasting   | 1 |  1.2
Evocations     | 1 |  1.2
Conjurations   | 1 |  1.0
Hexes          | 1 |  1.0
Summonings     | 1 |  1.0
Necromancy     | 1 |  1.0
Translocations | 1 |  1.0
Transmutations | 1 |  1.0
Fire Magic     | 1 |  1.0
Ice Magic      | 1 |  1.0
Air Magic      | 1 |  1.0
Earth Magic    | 1 |  1.0
Poison Magic   | 1 |  1.0
Fighting       | |  6.6
Polearms       | |  4.6
Armour         | |  6.6
Shields        | |  6.6

Action                   |  1- 3 |  4- 6 || total
-------------------------+-------+-------++-------
Melee: Trident           |   104 |       ||   104
       Bite              |     9 |     2 ||    11
       Short sword       |    27 |       ||    27
       Whip              |       |    27 ||    27
Throw: Dart              |     4 |       ||     4
Armor: Scale mail        |    49 |    14 ||    63
Dodge: Dodged            |    51 |    10 ||    61
Block: Buckler           |    31 |    10 ||    41

Table legend: (Time is in decaauts)
 A = Elapsed time spent in this place.
 B = Non-inter-level travel time spent in this place.
 C = Inter-level travel time spent in this place.
 D = Time resting spent in this place.
 E = Time spent auto-exploring this place.
 F = Levels seen in this place.
 G = Mean time per level.
                   A        B        C        D        E       F      G
               +--------+--------+--------+--------+--------+-----+--------+
         Total |   1349 |   1303 |     46 |    140 |    769 |   2 |  674.5 |
       Dungeon |   1349 |   1303 |     46 |    140 |    769 |   2 |  674.5 |
               +--------+--------+--------+--------+--------+-----+--------+

Top non-repeatable levels by time:
     D:1: 805 daAuts
     D:2: 543 daAuts
